 Dungeon Crawl Stone Soup version 0.26.1-11-gd32895ea62 (webtiles) character file.

Game seed: 2526205314465920493

526 Zeld the Cudgeller (level 7, -4/58 HPs)
             Began as a Black Draconian Gladiator on June 15, 2021.
             Slain by a mummy (11 damage)
             ... in an ossuary.
             The game lasted 00:04:43 (3051 turns).

Zeld the Cudgeller (Black Draconian Gladiator)      Turns: 3051, Time: 00:04:44

Health: -4/58      AC:  8    Str: 19    XL:     7   Next: 2%
Magic:  7/7        EV: 13    Int:  8    God:
Gold:   150        SH:  0    Dex: 12    Spells: 6/6 levels left

rFire    . . .     SeeInvis .   a - +0 flail
rCold    . . .     Faith    .   (no shield)
rNeg     . . .     Spirit   .   (armour unavailable)
rPois    .         Reflect  .   b - +0 hat
rElec    +         Harm     .   (no cloak)
rCorr    .         Rampage  .   s - +1 pair of gloves
Will     .....                  (no boots)
Stlth    +.........             (no amulet)
HPRegen  0.19/turn              (no ring)
MPRegen  0.10/turn              (no ring)

@: short of breath
A: breathe lightning, unfitting armour, electricity resistance, cold-blooded, AC
+6
a: Breathe Lightning


You were in an ossuary.
You visited 1 branch of the dungeon, and saw 4 of its levels.
You also visited: Ossuary.

You collected 150 gold pieces.

Inventory:

Hand Weapons
 a - a +0 flail (weapon)
Missiles
 c - 2 throwing nets (quivered)
 h - 67 stones
 q - 4 boomerangs
 u - 28 poisoned darts
Armour
 b - a +0 hat (worn)
 s - a +1 pair of gloves (worn)
Scrolls
 f - a scroll of noise {unknown}
 k - a scroll of enchant armour {unknown}
 l - 2 scrolls of identify {unknown}
 m - a scroll of enchant weapon {unknown}
 n - a scroll of blinking {unknown}
 o - 2 scrolls of magic mapping {unknown}
 p - a scroll of immolation {unknown}
 r - a scroll of random uselessness {unknown}
 t - a scroll of remove curse {unknown}
Potions
 d - 2 potions of heal wounds {unknown}
 e - a potion of berserk rage {unknown}
 g - a potion of magic {unknown}
 i - 2 potions of flight {unknown}
 j - a potion of degeneration {unknown}


   Skills:
 + Level 3.8 Fighting
 * Level 5.2 Maces & Flails
 * Level 4.2 Throwing
 + Level 3.7 Dodging


You had 6 spell levels left.
You didn't know any spells.
Your spell library was empty.

Dungeon Overview and Level Annotations

Branches:
Dungeon (4/15)            Ossuary (1/1)
 Temple: D:4-7

Altars:


Innate Abilities, Weirdness & Mutations

You can breathe wild blasts of lightning.
Your glossy black scales are hard. (AC +6)
You cannot fit into any form of body armour.
You are resistant to electric shocks. (rElec)
You are cold-blooded and may be slowed by cold attacks.


Message History

You can't do that yet.
Unknown command.
Unknown command.
Okay, then.
There is an empty arch of ancient stone here.
There is a gate leading back out of this place here.
There is an empty arch of ancient stone here.
A mummy comes into view.
The hobgoblin zombie misses you. The hobgoblin zombie hits you.
* * * LOW HITPOINT WARNING * * *
The kobold zombie hits you but does no damage.
The hobgoblin zombie barely misses you.
There is an empty arch of ancient stone here.
The hobgoblin zombie hits you but does no damage.
There is a gate leading back out of this place here.
The hobgoblin zombie hits you but does no damage.
The mummy misses you. The mummy hits you!
You die...

...........
Z.........
........
......
#....#
#....#
#....#
#....#
#..@.#
#.M..#
#..MZ#
#.Z..#
#.∩∩.#
######


You could see 2 mummies, a hobgoblin zombie and 2 kobold zombies.

Vanquished Creatures
  Sigmund (D:2)
  A hound (D:4)
  An orc wizard (D:3)
  A bullfrog skeleton (D:4)
  2 worker ants (D:4)
  A hound skeleton (D:4)
  3 mummies
  9 adders
  4 oozes
  3 worms
  A leopard gecko (D:3)
  7 orcs
  6 giant cockroaches
  5 goblins (D:1)
  10 hobgoblins
  3 jackals (D:3)
  4 bats
  2 frilled lizards
  2 hobgoblin zombies (Ossuary)
  6 kobolds
  2 kobold zombies (Ossuary)
  An orc zombie (Ossuary)
  6 rats
81 creatures vanquished.

Notes
Turn   | Place    | Note
-------+----------+-------------------------------------------
     0 | D:1      | Zeld the Draconian Gladiator began the quest for the Orb.
     0 | D:1      | Reached XP level 1. HP: 17/17 MP: 1/1
   375 | D:1      | Reached XP level 2. HP: 24/24 MP: 2/2
   847 | D:2      | Reached XP level 3. HP: 30/30 MP: 3/3
   895 | D:2      | Noticed Sigmund
   908 | D:2      | Killed Sigmund
   909 | D:2      | Reached skill level 4 in Maces & Flails
   909 | D:2      | Reached XP level 4. HP: 30/38 MP: 4/4
   909 | D:2      | Reached XP level 5. HP: 35/45 MP: 5/5
  1824 | D:3      | Reached XP level 6. HP: 44/51 MP: 6/6
  2687 | D:4      | Reached skill level 5 in Maces & Flails
  2843 | D:4      | Found a sand-covered staircase.
  2935 | Ossuary  | Entered an ossuary
  3027 | Ossuary  | Your scales start taking on a glossy black colour.
  3027 | Ossuary  | Reached XP level 7. HP: 18/58 MP: 7/7
  3027 | Ossuary  | Gained mutation: You are resistant to electric shocks.
                  | (rElec) [Black Draconian growth]
  3051 | Ossuary  | Slain by a mummy

Illustrated notes

Levels and vault maps discovered:
D:1:      nicolae_arrival_memento_mori, layout_basic, minmay_ruptured
D:2:      layout_loops_cross, uniq_sigmund
D:3:      layout_basic
D:4:      layout_basic, gup_ossuary_entry_pyramid
Ossuary:  ossuary_tomb_3

Skill      XL: |  1  2  3  4  5  6 |
---------------+-------------------+-----
Throwing       | 2 3 4 |  4.2
Fighting       | 3 |  3.8
Maces & Flails | 4 5 |  5.2
Dodging        | 3 |  3.7

Action                   |  1- 3 |  4- 6 |  7- 9 || total
-------------------------+-------+-------+-------++-------
Melee: Flail             |    66 |   190 |     2 ||   258
       Tailslap          |     4 |    27 |     1 ||    32
Throw: Throwing net      |     2 |       |       ||     2
 Abil: Breathe Lightning |       |       |     1 ||     1
 Stab: Held in net/web   |     3 |       |       ||     3
       Sleeping          |     1 |       |       ||     1
Armor: Skin              |    18 |    51 |     3 ||    72
Dodge: Dodged            |    45 |   148 |     4 ||   197
